 Dungeon Sprint DCSS version 0.18-b1-16-g289874d (webtiles) character file.

104177 Kidiri the Imperceptible (level 15, -24/80 HPs)
             Began as a Spriggan Enchanter on May 1, 2016.
             Was the Champion of Dithmenos.
             Killed from afar by a fire giant (57 damage)
             ... with a fireball
             ... in the Dungeon (Sprint III: "The Ten Rune Challenge").
             The game lasted 00:45:41 (7571 turns).

Kidiri the Imperceptible (Spriggan Enchanter)       Turns: 7571, Time: 00:45:44

Health: -24/80     AC:  8    Str:  8    XL:     15   Next: 11%
Magic:  19/38      EV: 44    Int: 32    God:    Dithmenos [******]
Gold:   2496       SH: 15    Dex: 36    Spells: 12 memorised, 1 level left

rFire  . . .     SeeInvis +     z - +4 rapier (drain)
rCold  . . .     Gourm    .     N - +4 robe of Augmentation {Str+4 Int+4 Dex+4}
rNeg   . . .     Faith    .     G - +0 buckler "Qifiotaf" {MR+ Int+2 Dex+6} (curse)
rPois  .         Spirit   .     w - +0 hat
rElec  .         Dismiss  .     f - +0 cloak
rCorr  .         Reflect  +     (gloves unavailable)
SustAt .         Harm     .     (boots unavailable)
MR     +++..     NoTele   +     y - +4 amulet of reflection
Stlth  ++++++++++               j - ring "Joystryni" {Dex+6 Stlth+}
                                H - +6 ring of intelligence

@: very slightly contaminated, wreathed by umbra, deflect missiles, very quick,
extremely resistant to hostile enchantments, uncannily stealthy
A: unfitting armour, see invisible, herbivore 3, speed 3, slow metabolism 2
a: Shadow Step, Shadow Form, Renounce Religion
}: 2/10 runes: decaying, barnacled


You were in the Dungeon.
You worshipped Dithmenos.
Dithmenos was exalted by your worship.
You were full.

You visited 1 branch You collected 4100 gold pieces.
You spent 1604 gold pieces at shops.

Inventory:

Hand Weapons
 z - a +4 rapier of draining (weapon)
 E - the +4 arc blade {discharge, rElec}
   (You found it in the Dungeon)

   It insulates you from electricity.
Missiles
 r - 10 throwing nets (quivered)
Armour
 b - a +2 robe of cold resistance
 f - a +0 cloak (worn)
 w - a +0 hat (worn)
 G - the cursed +0 buckler "Qifiotaf" (worn) {MR+ Int+2 Dex+6}
   (You found it in the Dungeon)

   It affects your intelligence (+2).
   It affects your dexterity (+6).
   It affects your resistance to hostile enchantments.
   It has a curse placed upon it.
 N - the +4 robe of Augmentation (worn) {Str+4 Int+4 Dex+4}
   (You took it off a centaur warrior in the Dungeon)

   It affects your strength (+4).
   It affects your intelligence (+4).
   It affects your dexterity (+4).
Jewellery
 a - the ring "Polyulas" {+Fly MR++}
   (You bought it in a shop in the Dungeon)

   [ring of flight]

   It affects your resistance to hostile enchantments.
   It lets you fly.
 j - the ring "Joystryni" (right hand) {Dex+6 Stlth+}
   (You found it in the Dungeon)

   [ring of stealth]

   It affects your dexterity (+6).
   It makes you more stealthy.
 t - an uncursed ring of poison resistance
 x - a +6 ring of dexterity
 y - a +4 amulet of reflection (around neck)
 D - an uncursed ring of protection from fire
 H - a +6 ring of intelligence (left hand)
 O - an uncursed ring of flight
Wands
 B - a wand of acid (6/15)
 Q - a wand of enslavement (15/24)
Scrolls
 l - 2 scrolls of holy word
 n - 5 scrolls of remove curse
 p - a scroll of magic mapping
 C - 5 scrolls of amnesia {unknown}
 I - a scroll of acquirement
 M - a scroll of silence {unknown}
Potions
 c - 2 potions of berserk rage
 e - 2 potions of curing
 g - a potion of haste
 k - a potion of might
 m - a potion of invisibility {unknown}
 o - 5 potions of flight
 v - 2 potions of lignification
Books
 R - the Tome of the Blaze and Combat Magic
   (You found it in the Dungeon)

   Spells                             Type                      Level
   a - Throw Frost                    Conjuration/Ice              2
   b - Dazzling Spray                 Conjuration/Hexes            3
   c - Sticky Flame                   Conjuration/Fire             4
   d - Bolt of Magma                  Conjuration/Fire/Earth       5
   e - Iron Shot                      Conjuration/Earth            6
Miscellaneous
 i - a plain deck of changes
 F - a plain deck of summoning
Comestibles
 d - a bread ration
 q - 26 royal jellies
 s - 16 fruits
 u - a slice of pizza


   Skills:
 + Level 9.9 Fighting
 * Level 16.8 Short Blades
 + Level 9.1 Armour
 * Level 21.0 Dodging
 * Level 22.9 Stealth
 * Level 5.9 Shields
 * Level 18.3 Spellcasting
 + Level 8.5 Conjurations
 + Level 13.8 Hexes
 + Level 14.6 Charms
 + Level 9.6 Ice Magic
 + Level 10.1 Air Magic
 + Level 1.3 Earth Magic
 - Level 3.0 Invocations
 + Level 13.7 Evocations


You had one spell level left.
You knew the following spells:

 Your Spells              Type           Power        Failure   Level  Hunger
a - Corona                Hex            #######      0%          1    None
b - Ensorcelled Hibernat  Hex/Ice        ######       1%          2    None
c - Confuse               Hex            #######.     0%          3    None
d - Tukima's Dance        Hex            #######.     0%          3    None
e - Dazzling Spray        Conj/Hex       #######.     1%          3    None
f - Repel Missiles        Chrm/Air       ######       0%          2    None
g - Cause Fear            Hex            #######...   1%          4    None
h - Deflect Missiles      Chrm/Air       #######...   1%          6    None
i - Haste                 Chrm           #######.     1%          6    None
j - Discord               Hex            #######...   38%         8    #####..
k - Lightning Bolt        Conj/Air       ######....   1%          5    None
l - Iron Shot             Conj/Erth      ######....   28%         6    None


Dungeon Overview and Level Annotations

Branches:
Dungeon (1/1)

Altars:
Cheibriados
Dithmenos
Elyvilon
Fedhas
Gozag
Kikubaaqudgha
Makhleb
Nemelex Xobeh
Okawaru
Pakellas
Qazlal
Ru
Sif Muna
Trog
Vehumet
Xom
Yredelemnul
Zin
The Shining One
Jiyva
Lugonu

Shops:
D }%([%=(

Annotations:
D exclusions: 2 doors and obsidian statue


Innate Abilities, Weirdness & Mutations

You are tiny and cannot use many weapons and most armour.
You have supernaturally acute eyesight.
You are a herbivore.
You cover ground extremely quickly.
You need consume almost no food.


Message History

Aiming: Iron Shot
Press: ? - help, Shift-Dir - straight line, f/p - fire giant
Aim: a fire giant, wielding a great sword of flaming (black smoke, moderately wounded, lightly drained, umbra)
The iron shot hits the fire giant.
The fire giant is heavily wounded.
You block the fire giant's attack.
Unknown command.
Casting: Iron Shot
Confirm with . or Enter, or press ? or * to list all spells.
The spell is very dangerous to cast!
Continue anyway?
Aiming: Iron Shot
Press: ? - help, Shift-Dir - straight line, f/p - fire giant
Aim: a fire giant, wielding a great sword of flaming (black smoke, heavily wounded, lightly drained, umbra)
You miscast Iron Shot.
You are very lightly contaminated with residual magic.
Your skin glows momentarily.
The fire giant gestures at you while chanting.
The fireball explodes!
The fireball engulfs you!
Ouch! That really hurt!
You die...

≈##..##.#*,,,,,,,,,,,#≈≈p≈≈#
.....%#.#*,,,,,,,,,,,#p≈≈≈≈#
≈##..##.#*,,,,,,,,,,,#.≈C58#
.+......#*,,,,,,,,,,,#≈≈≈≈≈#
#########*,,,,,,,,,,,#.≈.p.#
#######***,,,,,,,,,,,#.p§§§#
+...≈≈#,**,,,,,,,,,,,#..p§§#
#...≈≈####################'#
#%..≈≈≈≈##....§§@C§§C..)...#
#...≈≈≈≈##.#######§§.§.)...#
#.......##.......#§§§......#
#.......########.#§§§.§§...#
#.......##.......#§.§..§...#
##########'#################
###******#...#.#.#§§§§§§§§(#
§≈#*,,≈≈≈##.#...##≈§§§§§§§§#
≈§#≈,≈*≈≈#.#.#§#.#)§..§§§..#


You could see a fire giant.

Vanquished Creatures
  the Lernaean hydra (D)
  Frederick (D)
  Rupert (D)
  A lich (D)
  A deep elf blademaster (D)
  Chuck (D)
  Harold (D)
  Polyphemus (D)
  Gastronok (D)
  2 shadow dragons (D)
  Ilsuiw (D)
  A frost giant (D)
  Maud (D)
  A stone giant (D)
  A deep elf demonologist (D)
  2 deep elf annihilators (D)
  2 dire elephants (D)
  A deep elf death mage (D)
  A merfolk javelineer (D)
  9 vault guards (D)
  A fire dragon (D)
  A deep elf high priest (D)
  A yaktaur captain (D)
  Erolcha (D)
  3 hydras (D)
  2 centaur warriors (D)
  An ogre mage (D)
  A satyr (shapeshifter) (D)
  4 dancing weapons (D)
  4 death yaks (D)
  4 orc high priests (D)
  A deep elf knight (D)
  2 skeletal warriors (D)
  A death drake (D)
  A sea snake (D)
  A spriggan druid (D)
  A lindwurm (D)
  3 swamp dragons (D)
  Joseph (D)
  An orc knight (D)
  4 ugly things (D)
  2 orc sorcerers (D)
  6 deep elf magi (D)
  2 black mambas (D)
  2 elephants (D)
  2 spiny frogs (D)
  A komodo dragon (D)
  A rime drake (D)
  3 wandering mushrooms (D)
  4 spriggan defenders (D)
  A queen bee (D)
  2 giant leeches (D)
  8 slime creatures (D)
  8 blink frogs (D)
  2 spriggans (D)
  A shadow (D)
  5 redbacks (D)
  A hog (shapeshifter) (D)
  2 hill giants (D)
  A spatial vortex (D)
  A swamp worm (shapeshifter) (D)
  A hydra simulacrum (D)
  An orc warrior (D)
  3 swamp drakes (D)
  A black mamba simulacrum (D)
  A necrophage (D)
  3 two-headed ogres (D)
  A water elemental (D)
  32 killer bees (D)
  An electric eel (D)
  A jelly (D)
  Crazy Yiuf (D)
  An orc priest (D)
  3 orc wizards (D)
  A wizard (D)
  A necromancer (D)
  2 wolf simulacra (D)
  3 sheep (D)
  3 humans (D)
  A kobold demonologist (D)
  An ooze (D)
  6 orcs (D)
  3 rats (D)
  4 bushes (D)
  A butterfly (D)
  2 plants (D)
203 creatures vanquished.

Vanquished Creatures (collateral kills)
  A vault guard (D)
  3 orc warriors (D)
  An orc (D)
5 creatures vanquished.

Vanquished Creatures (others)
  2 draconian scorchers (D)
  2 yaktaurs (D)
  2 dancing weapons (D)
  A bush (D)
  A plant (D)
8 creatures vanquished.

Grand Total: 216 creatures vanquished

Notes
Turn   | Place    | Note
--------------------------------------------------------------
     0 | D        | Kidiri the Spriggan Enchanter began the quest for the Orb.
     0 | D        | Reached XP level 1. HP: 9/9 MP: 5/5
    77 | D        | Reached skill level 5 in Stealth
   106 | D        | Noticed Crazy Yiuf
   109 | D        | Killed Crazy Yiuf
   109 | D        | Reached skill level 1 in Fighting
   109 | D        | Reached skill level 1 in Armour
   109 | D        | Reached skill level 6 in Stealth
   109 | D        | Reached XP level 2. HP: 14/14 MP: 6/8
   109 | D        | Reached XP level 3. HP: 18/18 MP: 6/9
   129 | D        | Learned a level 2 spell: Ensorcelled Hibernation
   133 | D        | Learned a level 3 spell: Confuse
   137 | D        | Learned a level 3 spell: Tukima's Dance
   153 | D        | Reached skill level 5 in Dodging
   182 | D        | Gained mutation: Your body sometimes deteriorates upon taking damage. [potion of mutation]
   182 | D        | Gained mutation: You are clumsy. (Dex -2) [potion of mutation]
   182 | D        | Gained mutation: Your flesh is heat resistant. [potion of mutation]
   183 | D        | Lost mutation: Your body sometimes deteriorates upon taking damage. [potion of cure mutation]
   183 | D        | Lost mutation: You are clumsy. (Dex -2) [potion of cure mutation]
   183 | D        | Lost mutation: Your flesh is heat resistant. [potion of cure mutation]
   184 | D        | Gained mutation: You have very sharp teeth. [potion of mutation]
   184 | D        | Gained mutation: Your magical capacity is low (-10% MP). [potion of mutation]
   186 | D        | Lost mutation: You have very sharp teeth. [potion of cure mutation]
   186 | D        | Lost mutation: Your magical capacity is low (-10% MP). [potion of cure mutation]
   193 | D        | Killed a yaktaur
   196 | D        | Noticed a water elemental
   199 | D        | Killed a water elemental
   199 | D        | Reached skill level 7 in Stealth
   199 | D        | Reached skill level 5 in Spellcasting
   199 | D        | Reached skill level 5 in Hexes
   199 | D        | Reached skill level 1 in Ice Magic
   199 | D        | Reached XP level 4. HP: 23/23 MP: 10/12
   209 | D        | Noticed a shadow
   238 | D        | Killed a shadow
   238 | D        | Reached skill level 5 in Short Blades
   238 | D        | Reached skill level 9 in Stealth
   238 | D        | Reached XP level 5. HP: 27/27 MP: 12/14
   243 | D        | Reached XP level 6. HP: 22/32 MP: 12/16
   252 | D        | Killed a white draconian scorcher
   316 | D        | Killed a white draconian scorcher
   405 | D        | Found an oddly glowing altar of Pakellas.
   405 | D        | Found a stormy altar of Qazlal.
   406 | D        | Found a sacrificial altar of Ru.
   406 | D        | Found a burning altar of Makhleb.
   406 | D        | Found a viscous altar of Jiyva.
   406 | D        | Found a shimmering altar of Xom.
   406 | D        | Found a shadowy altar of Dithmenos.
   406 | D        | Found a sparkling altar of Nemelex Xobeh.
   406 | D        | Found a corrupted altar of Lugonu.
   406 | D        | Found an opulent altar of Gozag.
   406 | D        | Noticed a spatial vortex
   410 | D        | Became a worshipper of Dithmenos the Shadowed
   411 | D        | Killed a spatial vortex
   411 | D        | Reached skill level 10 in Stealth
   411 | D        | Reached skill level 1 in Invocations
   439 | D        | Found a radiant altar of Vehumet.
   440 | D        | Found a deep blue altar of Sif Muna.
   440 | D        | Found an ancient bone altar of Kikubaaqudgha.
   481 | D        | Learned a level 3 spell: Dazzling Spray
   484 | D        | Learned a level 2 spell: Repel Missiles
   490 | D        | Learned a level 4 spell: Cause Fear
   498 | D        | Found a glowing silver altar of Zin.
   499 | D        | Found a glowing golden altar of the Shining One.
   499 | D        | Found a white marble altar of Elyvilon.
   499 | D        | Noticed a deep elf mage
   501 | D        | Killed a deep elf mage
   501 | D        | Reached * piety under Dithmenos
   501 | D        | Reached skill level 11 in Stealth
   501 | D        | Reached skill level 1 in Conjurations
   501 | D        | Reached skill level 1 in Air Magic
   501 | D        | Reached XP level 7. HP: 36/36 MP: 17/19
   512 | D        | Found an iron altar of Okawaru.
   513 | D        | Found a bloodstained altar of Trog.
   513 | D        | Noticed a human
   513 | D        | Noticed a human
   515 | D        | Killed a human
   516 | D        | Killed a human
   516 | D        | Reached skill level 10 in Dodging
   516 | D        | Reached XP level 8. HP: 42/42 MP: 18/21
   546 | D        | Learned a level 6 spell: Deflect Missiles
   559 | D        | Found a snail-covered altar of Cheibriados.
   560 | D        | Found a basalt altar of Yredelemnul.
   560 | D        | Found a blossoming altar of Fedhas.
   561 | D        | Reached ** piety under Dithmenos
   588 | D        | Reached *** piety under Dithmenos
   588 | D        | Reached skill level 12 in Stealth
   603 | D        | Noticed Erolcha
   608 | D        | Killed Erolcha
   608 | D        | Reached XP level 9. HP: 46/46 MP: 17/23
   628 | D        | Reached skill level 10 in Spellcasting
   628 | D        | Reached skill level 5 in Charms
   839 | D        | Reached skill level 13 in Stealth
   842 | D        | Reached skill level 5 in Evocations
   919 | D        | Noticed a queen bee
   933 | D        | Reached **** piety under Dithmenos
  1047 | D        | Killed a queen bee
  1050 | D        | Reached ***** piety under Dithmenos
  1237 | D        | Reached ****** piety under Dithmenos
  1242 | D        | Reached skill level 5 in Fighting
  1377 | D        | Reached XP level 10. HP: 51/51 MP: 21/25
  1407 | D        | Reached skill level 14 in Stealth
  1412 | D        | Reached skill level 5 in Ice Magic
  1625 | D        | Reached skill level 10 in Short Blades
  1774 | D        | Learned a level 6 spell: Haste
  1774 | D        | Noticed a spiny frog
  1774 | D        | Noticed a spiny frog
  1777 | D        | Killed a spiny frog
  1779 | D        | Killed a spiny frog
  1782 | D        | Reached skill level 5 in Armour
  2042 | D        | Noticed a lindwurm
  2051 | D        | Killed a lindwurm
  2053 | D        | Reached skill level 15 in Stealth
  2053 | D        | Reached skill level 5 in Air Magic
  2060 | D        | Noticed Maud
  2062 | D        | Killed Maud
  2062 | D        | Reached XP level 11. HP: 56/56 MP: 23/28
  2086 | D        | Noticed a seven-headed hydra
  2086 | D        | Noticed a seven-headed hydra
  2128 | D        | Killed a seven-headed hydra
  2145 | D        | Noticed a death drake
  2152 | D        | Killed a death drake
  2175 | D        | Killed a seven-headed hydra
  2330 | D        | Found a blossoming altar of Fedhas.
  2332 | D        | Noticed a spriggan druid
  2334 | D        | Killed a spriggan druid
  2334 | D        | Reached skill level 16 in Stealth
  2335 | D        | Reached skill level 10 in Hexes
  2371 | D        | Noticed a swamp dragon
  2371 | D        | Found Wiwyri's Food Emporium.
  2371 | D        | Found Fomos's Jewellery Shop.
  2373 | D        | Found Ifyvef's Antique Weapon Shoppe.
  2374 | D        | Killed a swamp dragon
  2383 | D        | Noticed a swamp dragon
  2387 | D        | Killed a swamp dragon
  2500 | D        | Reached skill level 5 in Conjurations
  2562 | D        | Reached skill level 15 in Dodging
  2607 | D        | Noticed Rupert
  2614 | D        | Killed Rupert
  2614 | D        | Reached skill level 17 in Stealth
  2614 | D        | Reached XP level 12. HP: 62/62 MP: 25/30
  2639 | D        | Noticed a death yak
  2640 | D        | Noticed a death yak
  2641 | D        | Noticed an azure jelly
  2641 | D        | Noticed a death yak
  2641 | D        | Noticed an azure jelly
  2641 | D        | Noticed a death yak
  2653 | D        | Killed a death yak
  2656 | D        | Killed a death yak
  2656 | D        | Reached skill level 10 in Charms
  2661 | D        | Killed a death yak
  2841 | D        | Killed a death yak
  2897 | D        | Noticed Polyphemus
  2899 | D        | Noticed Ilsuiw
  2900 | D        | Killed Polyphemus
  2900 | D        | Reached skill level 18 in Stealth
  2927 | D        | Killed Ilsuiw
  2927 | D        | Reached skill level 10 in Evocations
  2989 | D        | Found Pinopn's Gadget Shoppe.
  3010 | D        | Found Yczeury's Food Boutique.
  3011 | D        | Found Runilen's Antique Weapon Emporium.
  3012 | D        | Noticed a merfolk javelineer
  3014 | D        | Killed a merfolk javelineer
  3035 | D        | Learned a level 8 spell: Discord
  3041 | D        | Got a barnacled rune of Zot
  3112 | D        | Noticed an azure jelly
  3112 | D        | Noticed an azure jelly
  3113 | D        | Noticed a dire elephant
  3113 | D        | Noticed a dire elephant
  3113 | D        | Noticed Gastronok
  3115 | D        | Killed Gastronok
  3116 | D        | Killed a dire elephant
  3118 | D        | Killed a dire elephant
  3121 | D        | Reached XP level 13. HP: 68/68 MP: 32/32
  3201 | D        | Noticed Joseph
  3202 | D        | Noticed Harold
  3204 | D        | Killed Harold
  3204 | D        | Reached skill level 19 in Stealth
  3205 | D        | Killed Joseph
  3205 | D        | Reached skill level 15 in Spellcasting
  3312 | D        | Found Mezuzuf's Armour Emporium.
  3607 | D        | Bought a +6 ring of dexterity for 760 gold pieces
  3607 | D        | Bought a +4 amulet of reflection for 325 gold pieces
  3736 | D        | Bought a glowing rapier for 92 gold pieces
  3864 | D        | Bought the ring "Polyulas" {+Fly MR++} for 427 gold pieces
  3875 | D        | Noticed the 27-headed Lernaean hydra
  3877 | D        | Killed the 27-headed Lernaean hydra
  3886 | D        | Got a decaying rune of Zot
  4011 | D        | Noticed a deep elf annihilator
  4015 | D        | Reached skill level 20 in Stealth
  4023 | D        | Noticed a deep elf annihilator
  4024 | D        | Noticed a deep elf demonologist
  4026 | D        | Killed a deep elf demonologist
  4027 | D        | Killed a deep elf annihilator
  4042 | D        | Killed a deep elf annihilator
  4194 | D        | Noticed a deep elf blademaster
  4196 | D        | Noticed a deep elf death mage
  4197 | D        | Killed a deep elf blademaster
  4197 | D        | Reached skill level 15 in Short Blades
  4201 | D        | Killed a deep elf death mage
  4238 | D        | Got a clouded jade amulet
  4238 | D        | Got a coiled pewter amulet
  4241 | D        | Identified Obralyxu's Compendium of Creative Ice
  4242 | D        | Got a steaming ice dragon armour
  4247 | D        | Identified the Tome of the Blaze and Combat Magic
  4247 | D        | Identified the Almanac of Good Luck and the Snowflakes
  4264 | D        | Identified the +5 ice dragon armour of Woeledwoel {rPois rF- rC++} (You found it in the Dungeon)
  4313 | D        | Identified the amulet "Rigrudol" {RegenMP rF+ MR+ Dex-2} (You found it in the Dungeon)
  4315 | D        | Identified the amulet of Gejaqir {Faith rF++ Int-3 Dex+3 SInv} (You found it in the Dungeon)
  4356 | D        | Learned a level 5 spell: Lightning Bolt
  4813 | D        | Reached XP level 14. HP: 45/74 MP: 15/35
  4952 | D        | Got a glittering jade ring
  4960 | D        | Got a steaming buckler
  4966 | D        | Identified the ring "Joystryni" {Dex+6 Stlth+} (You found it in the Dungeon)
  4979 | D        | Identified the cursed +0 buckler "Qifiotaf" {MR+ Int+2 Dex+6} (You found it in the Dungeon)
  5542 | D        | Reached skill level 1 in Shields
  5572 | D        | Reached skill level 21 in Stealth
  5983 | D        | Noticed a ghost moth
  5983 | D        | a death yak changed into a ghost moth
  5992 | D        | a ghost moth changed into a death yak
  6169 | D        | Noticed Chuck
  6288 | D        | Killed Chuck
  6302 | D        | Got a dazzling war axe
  6338 | D        | Noticed Frederick
  6344 | D        | Killed Frederick
  6376 | D        | Noticed a lich
  6378 | D        | Killed a lich
  6433 | D        | Reached skill level 22 in Stealth
  6436 | D        | Noticed a shadow dragon
  6436 | D        | Noticed a shadow dragon
  6461 | D        | Killed a shadow dragon
  6754 | D        | Killed a shadow dragon
  6843 | D        | Noticed a stone giant
  6843 | D        | Noticed a frost giant
  6931 | D        | Reached skill level 5 in Shields
  7063 | D        | Reached skill level 10 in Air Magic
  7081 | D        | Killed a frost giant
  7081 | D        | Reached XP level 15. HP: 74/80 MP: 7/38
  7107 | D        | Learned a level 6 spell: Iron Shot
  7130 | D        | Noticed a titan
  7550 | D        | Reached skill level 1 in Earth Magic
  7552 | D        | Noticed a fire giant
  7571 | D        | Killed from afar by a fire giant

Skill      XL: |  1  2  3  4  5  6  7  8  9 10 11 12 13 14 15 |
---------------+----------------------------------------------+-----
Spellcasting   | 4 5 6 8 9 10 12 13 14 16 18 | 18.3
Stealth        | 6 7 9 11 12 13 15 17 18 20 22 | 22.9
Fighting       | 1 2 3 4 5 6 7 8 9 |  9.9
Short Blades   | 2 4 5 7 8 9 11 12 13 15 16 | 16.8
Armour         | 1 2 3 4 5 6 7 8 9 |  9.1
Dodging        | 4 5 7 9 10 11 12 13 15 17 19 20 21 | 21.0
Hexes          | 4 5 6 7 8 9 10 11 12 13 | 13.8
Ice Magic      | 1 2 3 4 5 6 7 8 9 |  9.6
Invocations    | 2 3 |  3.0
Conjurations   | 1 2 3 4 5 6 7 8 |  8.5
Charms         | 2 3 4 6 8 9 11 13 14 | 14.6
Air Magic      | 1 2 3 4 5 6 7 8 10 | 10.1
Evocations     | 2 4 5 7 9 10 12 13 | 13.7
Shields        | 5 |  5.9
Earth Magic    | 1 |  1.3

Action                   |  1- 3 |  4- 6 |  7- 9 | 10-12 | 13-15 || total
-------------------------+-------+-------+-------+-------+-------++-------
Melee: Dagger            |    19 |    15 |    70 |    99 |    58 ||   261
       Rapier            |       |       |       |       |   211 ||   211
Throw: Throwing net      |       |       |       |     1 |       ||     1
 Cast: Corona            |     1 |       |       |       |       ||     1
       Ensorcelled Hiber |     1 |       |    26 |    31 |    25 ||    83
       Dazzling Spray    |       |       |    15 |    27 |    60 ||   102
       Repel Missiles    |       |       |     1 |       |       ||     1
       Confuse           |       |       |       |     1 |     6 ||     7
       Tukima's Dance    |       |       |       |       |    16 ||    16
       Deflect Missiles  |       |       |       |       |     1 ||     1
       Lightning Bolt    |       |       |       |       |    16 ||    16
       Iron Shot         |       |       |       |       |     1 ||     1
Invok: Shadow Step       |       |       |     2 |    15 |    11 ||    28
 Abil: Evoke Flight      |       |       |       |       |     6 ||     6
  Use: Potion            |     5 |     1 |       |       |     4 ||    10
       Scroll            |     4 |       |       |       |     4 ||     8
 Stab: Sleeping          |     5 |     4 |    24 |    45 |    49 ||   127
       Invisible         |       |       |     9 |    10 |     8 ||    27
       Confused          |       |       |       |     1 |       ||     1
       Held in net/web   |       |       |       |     1 |       ||     1
       Distracted        |       |       |       |       |     2 ||     2
  Eat: Bread ration      |       |       |       |     1 |     1 ||     2
Armor: Robe              |     1 |       |     1 |     4 |     7 ||    13
Dodge: Dodged            |     6 |     4 |    85 |    75 |   133 ||   303
       Deflected         |       |       |       |       |     2 ||     2
Block: Other             |       |       |       |       |     3 ||     3
       Buckler           |       |       |       |       |    55 ||    55
       Reflection        |       |       |       |       |     2 ||     2
